 Dungeon Crawl Stone Soup version 0.31-a0-844-gdc52ec4e09 (webtiles) character file.

Game seed: 4691631644229750524

55 Ijustatesigmund the Firebug (level 3, 0/20 HPs)
             Began as a Deep Elf Fire Elementalist on Sept 29, 2023.
             Killed from afar by an orc wizard (1 damage)
             ... with a puff of flame
             ... on level 3 of the Dungeon.
             The game lasted 00:02:02 (2248 turns).

Ijustatesigmund the Firebug (DEFE)                  Turns: 2248, Time: 00:02:03

Health: 0/20       AC:  2    Str:  5    XL:     3   Next: 67%
Magic:  6/10       EV: 12    Int: 21    God:
Gold:   94         SH:  0    Dex: 15    Spells: 6/9 levels left

rFire   + . .        c - +0 short sword
rCold   + . .        (no shield)
rNeg    . . .        a - +0 robe
rPois   +            (no helmet)
rElec   +            (no cloak)
rCorr   +            (no gloves)
SInv    .            (no boots)
Will    .....        (no amulet)
Stlth   +            (no ring)
HPRegen 0.23/turn    (no ring)
MPRegen 0.12/turn

%: no passive effects
@: confused, resistant, attractive
A: no striking features
a: no special abilities


You were on level 3 of the Dungeon.
You visited 1 branch of the dungeon, and saw 3 of its levels.

You collected 94 gold pieces.

Inventory:

Hand Weapons
 c - a +0 short sword (weapon)
Missiles
 l - a throwing net
Armour
 a - a +0 robe (worn)
Jewellery
 f - a +6 ring of intelligence
Scrolls
 d - a scroll of identify {unknown}
 e - a scroll of teleportation {unknown}
 h - a scroll of fear {unknown}
 k - a scroll of poison {unknown}
 n - a scroll of blinking {unknown}
 o - a scroll of amnesia {unknown}
Potions
 b - a potion of magic
 g - a potion of cancellation {unknown}
 i - a potion of heal wounds {unknown}
 m - a potion of curing {unknown}


   Skills:
 + Level 1.2 Fighting
 - Level 2.4 Dodging
 - Level 2.4 Stealth
 + Level 3.7 Spellcasting
 + Level 2.1 Conjurations
 + Level 3.8 Fire Magic


You had 6 spell levels left.
You knew the following spells:

 Your Spells              Type           Power      Damage    Failure   Level
a - Foxfire               Conj/Fire      64%        2x1d7     3%          1
b - Scorch                Fire           40%        2d6       3%          2

Your spell library contained the following spells:

 Spells                   Type           Power      Damage    Failure   Level
 Inner Flame              Hex/Fire       12%        N/A       17%         3
 Volatile Blastmotes      Fire/Tloc      24%        2d12      17%         3
 Flame Wave               Conj/Fire      16%        2d7       34%         4


Dungeon Overview and Level Annotations

Branches:
Dungeon (3/15)

Altars:
Dithmenos


Message History

Confirm with . or Enter, or press ? or * to list all spells.
You conjure some foxfire!
The foxfire hits the orc wizard but does no damage.
The orc wizard is moderately wounded.
The foxfire hits the orc wizard but does no damage.
The orc wizard is moderately wounded.
The orc wizard hits you with a +0 dagger.
Casting: Foxfire (safe; 3% risk of failure)
Confirm with . or Enter, or press ? or * to list all spells.
You conjure some foxfire!
The orc wizard gestures at you while chanting.
You are confused.
The foxfire hits the orc wizard.
The orc wizard is moderately wounded.
The foxfire hits the orc wizard but does no damage.
The orc wizard is moderately wounded.
The orc wizard barely misses you.
Your magical contamination has completely faded away.
You're too confused to cast spells.
You're too confused to cast spells.
You're too confused to cast spells.
You're too confused to cast spells.
Something hits you.
The orc wizard hits you with a +0 dagger.
You hear some strange, mumbled words.
Something tries to affect you, but you resist.
The orc wizard attacks as it pursues you!
The orc wizard hits you with a +0 dagger.
It was a potion of resistance.
You feel protected.
The orc wizard hits you with a +0 dagger.
The orc hits you with a +0 whip.
* * * LOW HITPOINT WARNING * * *
It was a potion of attraction.
You feel attractive to monsters. Something hits you.
* * * LOW HITPOINT WARNING * * *
The orc wizard points at you and mumbles some strange words.
The puff of flame hits you. You resist.
You die...

#.# #.#########
#.#........### #.#....
....# #.#..# #.#.#
#.#..#####.#.#### #
#...............##
#.##.#..#...........###
####.#..o@.#..............
#........o....##)#.##†.###
.....#........##.#.##.....
..#####.#........#.##.####
# #..#.########.##.#
#.#### ..##.#### #.
####....# #. ###..† #.
#....<


You could see an orc wizard and an orc.

Vanquished Creatures
  An adder (D:3)
  3 worms (D:2)
  4 dart slugs
  4 ball pythons
  A bat (D:2)
  4 endoplasms
  2 giant cockroaches (D:1)
  3 goblins
  4 hobgoblins
  A kobold (D:1)
  A rat (D:2)
28 creatures vanquished.

Vanquished Creatures (others)
  94 foxfires
94 creatures vanquished.

Grand Total: 122 creatures vanquished

Notes
Turn   | Place    | Note
-------+----------+-------------------------------------------
     0 | D:1      | Ijustatesigmund the Deep Elf Fire Elementalist began the
                  | quest for the Orb.
     0 | D:1      | Reached XP level 1. HP: 10/10 MP: 6/6
   669 | D:1      | Reached XP level 2. HP: 16/16 MP: 5/8
   672 | D:1      | Learned a level 2 spell: Scorch
  1333 | D:2      | Found a shadowy altar of Dithmenos.
  1464 | D:2      | Reached skill level 1 in Fighting
  1464 | D:2      | Reached XP level 3. HP: 20/20 MP: 2/10
  2220 | D:3      | Identified the +8 quarterstaff "Jyowy" {holy, rElec Will++}
  2248 | D:3      | HP: 1/20 [something (3)]
  2248 | D:3      | Killed from afar by an orc wizard

Illustrated notes

Levels and vault maps discovered:
D:1:      elethiomel_arrival_infinity_welcomes_careful_drivers, layout_basic,
          serial_glass, glass_columns_a, glass_columns_b, glass_columns_a,
          glass_columns_a, glass_columns_a
D:2:      layout_basic, basic_altar
D:3:      gammafunk_wand_slinger, layout_loops_ring,
          riverfiend_overflow_shadow_ancestor, pdpol_wu_jian_five_deadly_venoms

Skill      XL: |  1  2  3 |
---------------+----------+-----
Fighting       | 1 |  1.2
Conjurations   | 2 |  2.1
Dodging        | |  2.4
Stealth        | |  2.4
Spellcasting   | |  3.7
Fire Magic     | |  3.8

Action                     || total
---------------------------++-------
  Melee: Short sword       ||     7
   Cast: Foxfire           ||    54
         Scorch            ||     5
    Use: Potion            ||     2
 Armour: Robe              ||    17
  Dodge: Dodged            ||    15

Table legend: (Time is in decaauts)
 A = Elapsed time spent in this place.
 B = Non-inter-level travel time spent in this place.
 C = Inter-level travel time spent in this place.
 D = Time resting spent in this place.
 E = Time spent auto-exploring this place.
 F = Levels seen in this place.
 G = Mean time per level.
                   A        B        C        D        E       F      G
               +--------+--------+--------+--------+--------+-----+--------+
         Total |   2247 |   2178 |     69 |      0 |   1969 |   3 |  749.0 |
       Dungeon |   2247 |   2178 |     69 |      0 |   1969 |   3 |  749.0 |
               +--------+--------+--------+--------+--------+-----+--------+

Top non-repeatable levels by time:
     D:1: 1233 daAuts
     D:2: 917 daAuts
     D:3: 95 daAuts
